 Dungeon Crawl Stone Soup version 0.28.0-45-g0d030f2227 (webtiles) character file.

Game seed: 1647149171851753310

245 RascalDebosk the Skirmisher (level 5, -12/44 HPs)
             Began as a Palentonga Berserker on Apr 16, 2022.
             Was a Believer of Trog.
             Mangled by an ogre
             ... wielding a +0 giant spiked club
              (21 damage)
             ... on level 4 of the Dungeon.
             The game lasted 00:22:06 (4075 turns).

RascalDebosk the Skirmisher (Palentonga Berserker)  Turns: 4075, Time: 00:22:06

Health: -12/44     AC:  6    Str: 22    XL:     5   Next: 83%
Magic:  5/5        EV:  9    Int:  7    God:    Trog [**....]
Gold:   161        SH:  0    Dex: 10    Spells: 4/4 levels left

rFire   . . .      SeeInvis +   j - +2 whip (elec)
rCold   . . .      Faith    .   (no shield)
rNeg    . . .      Spirit   .   k - +0 ring mail
rPois   .          Reflect  .   (no helmet)
rElec   .          Harm     .   (no cloak)
rCorr   .          Rampage  .   (no gloves)
Will    .....                   (no barding)
Stlth   ..........              (no amulet)
HPRegen 0.14/turn               (no ring)
MPRegen 0.09/turn               (no ring)

@: on berserk cooldown, slowed, very slow
A: large, rugged brown scales 3, see invisible, deformed body, roll 1, armoured
tail
a: Rolling Charge, Renounce Religion, Berserk, Trog's Hand


You were on level 4 of the Dungeon.
You worshipped Trog.
Trog was pleased with you.
You visited 1 branch of the dungeon, and saw 4 of its levels.

You collected 161 gold pieces.

Inventory:

Hand Weapons
 a - a +0 hand axe
 j - a +2 whip of electrocution (weapon)
Missiles
 b - 3 boomerangs
Armour
 k - a +0 ring mail (worn)
Wands
 l - a wand of acid (14)
Scrolls
 f - 2 scrolls of teleportation
Potions
 c - a potion of curing
 h - a potion of ambrosia {unknown}
 i - 2 potions of flight
 n - a potion of berserk rage {unknown}


   Skills:
 + Level 3.8 Fighting
 + Level 3.8 Axes
 + Level 1.5 Throwing
 + Level 2.5 Armour
 + Level 2.4 Dodging
 + Level 1.7 Evocations


You had 4 spell levels left.
You didn't know any spells.
Your spell library was empty.

Dungeon Overview and Level Annotations

Branches:
Dungeon (4/15)
 Temple: D:4-7

Altars:
Cheibriados


Innate Abilities, Weirdness & Mutations

You are completely covered in rugged brown scales. (AC +3, +7% HP)
You have supernaturally acute eyesight. (SInv)
Armour fits poorly on your strangely shaped body.
You can roll at nearby foes to attack.
You have a long armoured tail.


Message History

You closely miss the orc. You barely miss the orc. You tail-slap the orc!
You kill the orc!
Trog accepts your kill. The orc hits you with a +0 club.
The orc barely misses you.
You see here a +0 dagger.
You closely miss the orc. You barely miss the orc.
You are no longer berserk.
You are exhausted.
You feel yourself slow down. The orc hits you but does no damage.
You barely miss the orc. The orc hits you but does no damage.
You completely miss the orc.
Your tail-slap misses the orc.
The orc closely misses you. The orc barely misses you.
You barely miss the orc. The orc hits you with a +0 club.
You barely miss the orc. You tail-slap the orc.
The orc is heavily wounded.
The orc hits you but does no damage. The orc hits you with a +0 club.
You completely miss the orc. You tail-slap the orc.
You kill the orc!
Trog accepts your kill.
b - 3 boomerangs
Things that are here:
a +0 club; a +0 chain mail; an orc corpse An ogre comes into view.
It is wielding a +0 giant spiked club.
The ogre shouts!
The ogre barely misses you.
You hit the ogre. You tail-slap the ogre.
The ogre is moderately wounded.
The ogre hits you with a +0 giant spiked club!!
Ouch! That really hurt!
The ogre barely misses you.
You hit the ogre.
The ogre is moderately wounded.
The ogre hits you with a +0 giant spiked club!
* * * LOW HITPOINT WARNING * * *
You feel better.
The ogre hits you with a +0 giant spiked club!!
You die...

.. ... .##.#
#####+######...##
+........##.....## .
#........#.8...8.###..
#....>................
#............⌠........
#............O@...# #
##.)..####.8...8.## ..
#))..# ##.....####..
..........# ##..[###....
..........#...#†....#
..........#...#.....##
..........#...#......#
..........#...+......#
####.##..##..##....######


You could see an ogre.

Vanquished Creatures
  A bullfrog skeleton (D:3)
  A hound (D:4)
  An iguana (D:4)
  An orc wizard (D:4)
  4 adders
  An adder skeleton (D:4)
  5 worms
  3 dart slugs
  3 orcs (D:4)
  7 bats
  7 endoplasms
  9 giant cockroaches
  5 goblins
  6 hobgoblins
  3 quokkas
  9 ball pythons
  4 frilled lizards
  3 kobolds
  4 rats
77 creatures vanquished.

Vanquished Creatures (others)
  191 plants
191 creatures vanquished.

Grand Total: 268 creatures vanquished

Notes
Turn   | Place    | Note
-------+----------+-------------------------------------------
     0 | D:1      | RascalDebosk the Palentonga Berserker began the quest for
                  | the Orb.
     0 | D:1      | Reached XP level 1. HP: 19/19 MP: 1/1
   836 | D:1      | Reached XP level 2. HP: 21/25 MP: 2/2
  1755 | D:2      | Reached XP level 3. HP: 31/31 MP: 3/3
  2076 | D:2      | Reached ** piety under Trog
  2769 | D:2      | Reached skill level 1 in Evocations
  2962 | D:3      | Reached XP level 4. HP: 27/37 MP: 4/4
  2990 | D:3      | Found a snail-covered altar of Cheibriados.
  3054 | D:3      | Reached skill level 1 in Throwing
  3371 | D:3      | Found a faded altar of an unknown god.
  3656 | D:3      | Reached XP level 5. HP: 43/43 MP: 5/5
  4061 | D:4      | Noticed an ogre
  4074 | D:4      | HP: 1/44 [ogre/+0 giant spiked club (16)]
  4075 | D:4      | Mangled by an ogre

Illustrated notes

Levels and vault maps discovered:
D:1:      roderic_crop_circles_arrival_small, layout_basic
D:2:      layout_basic, minmay_quantized
D:3:      layout_basic, slow_altar_1, ebering_ecumenical_altar_petrified,
          guppyfry_early_lair_pool
D:4:      layout_gridville, mainiacjoe_overflow_tiny_flanked,
          minmay_misc_feat_ornament, serial_park_tiny_pond,
          wad_floor_pattern_untrapped, minmay_increasing_density

Skill      XL: |  1  2  3  4 |
---------------+-------------+-----
Armour         | 2 |  2.5
Dodging        | 2 |  2.4
Evocations     | 1 |  1.7
Throwing       | 1 |  1.5
Fighting       | |  3.8
Axes           | |  3.8

Action                   |  1- 3 |  4- 6 || total
-------------------------+-------+-------++-------
Melee: Hand axe          |   328 |       ||   328
       Tailslap          |    78 |    11 ||    89
       Punch             |     7 |     2 ||     9
       Whip              |    30 |    89 ||   119
Invok: Berserk           |     1 |     2 ||     3
 Abil: Rolling Charge    |    13 |     4 ||    17
  Use: Scroll            |       |     7 ||     7
       Potion            |       |     1 ||     1
Armor: Animal skin       |    19 |       ||    19
       Leather armour    |    20 |       ||    20
       Ring mail         |     6 |    34 ||    40
Dodge: Dodged            |    34 |    50 ||    84
